 Dungeon Crawl Stone Soup version 0.27.1-33-g824d729ab1 (webtiles) character file.

Game seed: 6714525411961570385

53 Thatpatchoflichen the Shooter (level 3, -4/21 HPs)
             Began as a Deep Elf Hunter on Nov 26, 2021.
             Slain by a gnoll (6 damage)
             ... on level 2 of the Dungeon.
             The game lasted 00:10:42 (2599 turns).

Thatpatchoflichen the Shooter (Deep Elf Hunter)     Turns: 2599, Time: 00:10:43

Health: -4/21      AC:  3    Str:  9    XL:     3   Next: 62%
Magic:  5/5        EV: 12    Int: 15    God:
Gold:   76         SH:  0    Dex: 16    Spells: 2/2 levels left

rFire    . . .     SeeInvis .   b - +0 short sword
rCold    . . .     Faith    .   (no shield)
rNeg     . . .     Spirit   .   c - +0 leather armour
rPois    .         Reflect  .   (no helmet)
rElec    .         Harm     .   (no cloak)
rCorr    .         Rampage  .   (no gloves)
Will     .....                  (no boots)
Stlth    ++........             (no amulet)
HPRegen  0.07/turn              (no ring)
MPRegen  0.09/turn              (no ring)

@: mighty
A: no striking features
a: no special abilities


You were on level 2 of the Dungeon.
You visited 1 branch of the dungeon, and saw 3 of its levels.

You collected 76 gold pieces.

Inventory:

Hand Weapons
 a - a +1 shortbow
 b - a +0 short sword (weapon)
Missiles
 d - 53 arrows
 j - 3 boomerangs of dispersal (quivered)
Armour
 c - a +0 leather armour (worn)
 h - a +0 ring mail
Jewellery
 k - an amulet of reflection
Scrolls
 e - 2 scrolls of immolation {unknown}
 g - 5 scrolls of identify {unknown}
 m - a scroll of fear {unknown}
Potions
 f - 3 potions of might
 i - a potion of curing {unknown}
 l - a potion of brilliance {unknown}


   Skills:
 + Level 2.0 Fighting
 + Level 1.1 Short Blades
 - Level 6.0 Bows
 + Level 3.0 Dodging
 + Level 2.0 Stealth


You had 2 spell levels left.
You didn't know any spells.
Your spell library contained the following spells:

 Spells                   Type           Power      Damage    Failure   Level
 Magic Dart               Conj           0%         1d3       36%         1
 Call Imp                 Summ           0%         N/A       50%         2
 Mephitic Cloud           Conj/Pois/Air  0%         N/A       75%         3


Dungeon Overview and Level Annotations

Branches:
Dungeon (3/15)

Altars:


Message History

You hit the gnoll.
The gnoll is moderately wounded.
The gnoll closely misses you. The gnoll hits you with a +0 club.
You hit the gnoll but do no damage.
The gnoll is moderately wounded.
The gnoll completely misses you.
You hit the gnoll.
The gnoll is moderately wounded.
The gnoll closely misses you.
You closely miss the gnoll.
The gnoll is moderately wounded.
The gnoll misses you.
You closely miss the gnoll.
The gnoll is moderately wounded.
The gnoll hits you with a +0 club.
* * * LOW HITPOINT WARNING * * *
You barely miss the gnoll.
The gnoll is moderately wounded.
The gnoll hits you with a +0 club.
* * * LOW HITPOINT WARNING * * *
The gnoll hits you but does no damage. The gnoll barely misses you.
a - a +1 shortbow (weapon)
The gnoll barely misses you.
It was a potion of might.
You feel very mighty all of a sudden. The gnoll misses you.
b - a +0 short sword (weapon)
The gnoll misses you.
You hit the gnoll.
The gnoll is severely wounded.
The gnoll barely misses you.
You closely miss the gnoll.
The gnoll is severely wounded.
The gnoll hits you with a +0 club.
* * * LOW HITPOINT WARNING * * *
You barely miss the gnoll.
The gnoll is severely wounded.
The gnoll hits you with a +0 club.
You die...

#....... #.####.. #.# #..
########### #.# ##.
#.........# ####.#####.
#.#######.# ##.......... #.#
####.## ####...#...###. #.#
##.#...####......###.###. #.#
#.#..#..@g...............
#.####.#...####.#######..####
#.#.......## #......##..#
#.#.#####.# ######.##..#
#.#.# #.# #>##..# #.<.# #.#
#.##..# ###.# #.# #.##..#
#.#####.# #.##..# #.......#
#.##..# #


You could see a gnoll.

Vanquished Creatures
  A dart slug (D:1)
  2 ball pythons (D:1)
  6 bats
  5 endoplasms (D:1)
  4 giant cockroaches (D:1)
  3 goblins
  2 hobgoblins
  6 jackals (D:1)
  2 quokkas (D:1)
  6 frilled lizards
  3 kobolds (D:1)
  6 rats
46 creatures vanquished.

Notes
Turn   | Place    | Note
-------+----------+-------------------------------------------
     0 | D:1      | Thatpatchoflichen the Deep Elf Hunter began the quest for
                  | the Orb.
     0 | D:1      | Reached XP level 1. HP: 12/12 MP: 3/3
   132 | D:1      | Reached XP level 2. HP: 17/17 MP: 4/4
   364 | D:1      | Found a faded altar of an unknown god.
   556 | D:1      | Reached XP level 3. HP: 21/21 MP: 5/5
   826 | D:1      | Reached skill level 6 in Bows
  1226 | D:1      | Reached skill level 1 in Short Blades
  2599 | D:2      | Slain by a gnoll

Illustrated notes

Levels and vault maps discovered:
D:1:      amcnicky_arrival_gap_in_the_tavern_cellar, layout_basic,
          ebering_ecumenical_altar_hall, hangedman_decor_growths,
          roderic_lattice_a, minmay_cupped
D:2:      layout_loops_ring
D:3:      layout_loops_cross

Skill      XL: |  1  2  3 |
---------------+----------+-----
Stealth        | 2 |  2.0
Fighting       | 2 |  2.0
Bows           | 6 |  6.0
Dodging        | 3 |  3.0
Short Blades   | 1 |  1.1

Action                   || total
-------------------------++-------
Melee: Short sword       ||    54
 Fire: Shortbow          ||   106
Throw: Boomerang         ||     1
  Use: Potion            ||     1
Armor: Leather armour    ||    37
Dodge: Dodged            ||    81
